AoeStats
← TAZmania

Arabia

510856366Analyzed
1v1 RM · 21h ago on Oct 2, 2026· 41m 5s· 2 players
Game mode
Random Map
Map size
Tiny (2 player)
Population
200
Speed
Normal
Resources
Standard
Victory
Conquest
Starting age
Dark Age
Ending age
Imperial Age
RankedLock teamsTeams togetherTeam positionsShared explorationLock speedFull tech treeHidden civsTurbo modeCheats
Victory
Defeat
🇨🇴 Byzantines · Colombia
717
+15
🇺🇸 Khmer · United States
700
-15
ObiWangKaBlowMe
3:51 Loom
13:29 Feudal Age
15:07 Wheelbarrow
14:15 Horse Collar
14:26 Double-Bit Axe
20:29 Bloodlines
24:46 Castle Age
23:19 Town Watch
23:52 Fletching
24:12 Scale Barding Armor
25:57 Bodkin Arrow
26:23 Chain Barding Armor
26:09 Husbandry
25:40 Elite Skirmisher
26:18 Gold Mining
27:23 Pikeman
28:21 Crossbowman
30:53 Bow Saw
31:10 Bow Saw
35:29 Imperial Age
37:16 Ballistics
38:11 Chemistry
38:08 Hand Cart
37:54 Town Patrol
38:21 Conscription
38:26 Padded Archer Armor
38:49 Murder Holes
41:06 Devotion
TAZmania
11:18 Feudal Age
10:40 Loom
12:36 Wheelbarrow
11:49 Double-Bit Axe
11:46 Horse Collar
13:25 Gold Mining
20:35 Castle Age
19:45 Stone Mining
21:39 Hand Cart
21:46 Heavy Plow
21:59 Bow Saw
22:31 Gold Shaft Mining
26:57 Sanctity
31:00 Imperial Age
29:06 Ballistics
28:38 Fletching
28:49 Padded Archer Armor
30:00 Squires
30:09 Thumb Ring
29:48 Pikeman
30:35 Scale Mail Armor
32:22 Crop Rotation
32:00 Bodkin Arrow
32:21 Leather Archer Armor
32:16 Forging
32:22 Chain Mail Armor
33:40 Chemistry
33:18 Gambesons
34:04 Fervor
34:20 Bracer
36:30 Ring Archer Armor
36:36 Iron Casting
36:16 Chain Mail Armor
37:23 Stone Shaft Mining
37:53 Two-Man Saw
37:08 Scale Barding Armor
37:38 Elite Skirmisher
37:56 Halberdier
Connection lost

Rejoining the realm…

Still unreachable

The connection could not be restored.

Session expired

The server has moved on; the page needs a fresh start.